 Dungeon Crawl Stone Soup version 0.28-a0-915-gcd63401287 (webtiles) character file.

Game seed: 12133548327269187695

97808 Gwenloh the Blinker (level 15, -7/73 HPs)
             Began as a Spriggan Warper on Nov 23, 2021.
             Was the Champion of Dithmenos.
             Killed from afar by a frost giant (51 damage)
             ... with a bolt of cold
             ... on level 14 of the Dungeon on Nov 25, 2021.
             The game lasted 04:33:36 (38245 turns).

Gwenloh the Blinker (Spriggan Warper)              Turns: 38245, Time: 04:33:38

Health: -7/73      AC: 13    Str:  7    XL:     15   Next: 73%
Magic:  23/28      EV: 29    Int: 17    God:    Dithmenos [******]
Gold:   2013       SH:  0    Dex: 19    Spells: 4/30 levels left

rFire   . . .      SeeInvis +   b - +4 shortbow (freeze)
rCold   . . .      Faith    .   (shield currently unavailable)
rNeg    . . .      Spirit   .   W - +4 troll leather armour
rPois   .          Reflect  .   Z - +1 hat
rElec   .          Harm     .   j - scarf {repulsion}
rCorr   .          Rampage  .   (gloves unavailable)
Will    ++...                   (boots unavailable) Stlth *+++++++++
                                v - amulet of regeneration
HPRegen 1.82/turn               d - +4 ring of protection
MPRegen 0.21/turn               E - ring of flight

@: flying, wreathed by umbra, repel missiles, very quick
A: very small, no large weapons, unfitting armour, see invisible, speed 3
a: Renounce Religion, Shadow Step, Shadow Form


You were on level 14 of the Dungeon.
You worshipped Dithmenos.
Dithmenos was exalted by your worship.
You visited 3 branches of the dungeon, and saw 22 of its levels.
You also visited: Ossuary and Bailey.

You collected 2458 gold pieces.
You spent 445 gold pieces at shops.

Inventory:

Hand Weapons
 a - the +4 dagger of the Dripping Firefly {freeze, rN+++ Str+4 Int+5 Stlth-}
   (You bought it in a shop on level 2 of the Orcish Mines)

   It freezes those it strikes, dealing additional cold damage.
   It can also slow down cold-blooded creatures.
   Str:       It affects your strength (+4).
   Int:       It affects your intelligence (+5).
   rN:        It renders you almost immune to negative energy.
   Stlth:     It makes you less stealthy.
 b - a +4 shortbow of freezing (weapon)
 C - a +3 dagger of venom
 M - a +3 dagger of draining
 S - a +4 falchion of freezing
Missiles
 h - 148 arrows (quivered ammo)
 t - 2 throwing nets
 N - 96 boomerangs
Armour
 j - a scarf of repulsion (worn)
 W - a +4 troll leather armour (worn)
 Z - a +1 hat (worn)
Jewellery
 d - a +4 ring of protection (left hand)
 g - a ring of magical power
 v - an amulet of regeneration (around neck)
 E - a ring of flight (right hand)
 G - a ring of poison resistance
 J - the ring of Ymaippol {Str+6 Int+4}
   (You acquired it on level 7 of the Dungeon)

   [ring of strength]

   Str:       It affects your strength (+6).
   Int:       It affects your intelligence (+4).
 R - a +6 ring of dexterity
 U - a ring of resist corrosion
Wands
 e - a wand of flame (34)
 s - a wand of digging (10)
 x - a wand of mindburst (21)
 y - a wand of polymorph (29)
 z - a wand of charming (27)
 D - a wand of iceblast (15)
 H - a wand of paralysis (5)
Scrolls
 c - 5 scrolls of blinking
 o - a scroll of holy word
 r - 5 scrolls of immolation
 u - 10 scrolls of teleportation
 A - 3 scrolls of magic mapping
 I - a scroll of summoning
 V - a scroll of silence
 X - 2 scrolls of brand weapon
 Y - 3 scrolls of amnesia
Potions
 f - 3 potions of heal wounds
 i - a potion of invisibility
 k - 7 potions of flight
 l - 3 potions of magic
 m - 2 potions of berserk rage
 n - 7 potions of mutation
 p - 2 potions of resistance
 q - 7 potions of curing
 w - 5 potions of haste
 B - 4 potions of cancellation
 F - 6 potions of might
 P - 4 potions of brilliance
Miscellaneous
 L - a condenser vane


   Skills:
 * Level 5.9 Fighting
 - Level 10.0 Short Blades
 - Level 14.0 Bows
 - Level 1.0 Throwing
 + Level 16.2 Dodging
 + Level 16.0 Stealth
 + Level 8.1 Spellcasting
 - Level 3.0 Conjurations
 + Level 16.9 Translocations
 * Level 11.2 Invocations


You had 4 spell levels left.
You knew the following spells:

 Your Spells              Type           Power      Damage    Failure   Level
a - Blink                 Tloc           100%       N/A       1%          2
b - Gell's Gravitas       Tloc           59%        N/A       1%          3
c - Teleport Other        Tloc           59%        N/A       1%          3
d - Manifold Assault      Tloc           59%        N/A       1%          5
e - Portal Projectile     Hex/Tloc       70%        N/A       1%          3
f - Iskenderun's Mystic   Conj/Tloc      40%        2d9       2%          4
g - Dispersal             Tloc           29%        N/A       2%          6

Your spell library contained the following spells:

 Spells                   Type           Power      Damage    Failure   Level
 Apportation              Tloc           100%       N/A       0%          1
 Lesser Beckoning         Tloc           59%        N/A       1%          3
 Magic Dart               Conj           68%        1d6       4%          1
 Pain                     Necr           24%        1d5       16%         1
 Sandblast                Erth           12%        2d6       16%         1
 Summon Small Mammal      Summ           24%        N/A       16%         1
 Call Imp                 Summ           6%         N/A       24%         2
 Passwall                 Tmut/Erth      5%         N/A       24%         2
 Stone Arrow              Conj/Erth      24%        3d8       26%         3
 Mephitic Cloud           Conj/Pois/Air  10%        N/A       30%         3
 Call Canine Familiar     Summ           6%         N/A       43%         3
 Ozocubu's Armour         Ice            6%         N/A       43%         3
 Summon Guardian Golem    Hex/Summ       6%         N/A       43%         3
 Fulminant Prism          Conj/Hex       6%         3d7       63%         4
 Summon Forest            Summ/Tloc      17%        N/A       13%         5
 Iskenderun's Battlesphe  Conj           17%        2d7       77%         5
 Agony                    Necr           6%         N/A       99%         5
 Excruciating Wounds      Necr           3%         N/A       99%         5
 Lee's Rapid Deconstruct  Erth           3%         3d6*      99%         5
 Eringya's Noxious Bog    Tmut/Pois      3%         N/A       100%        6
 Dragon Form              Tmut           3%         N/A       100%        7
 Ozocubu's Refrigeration  Ice            3%         4d5       100%        7
 Summon Hydra             Summ           3%         N/A       100%        7
 Lehudib's Crystal Spear  Conj/Erth      6%         10d3      100%        8


Dungeon Overview and Level Annotations

Branches:
Dungeon (14/15)            Temple (0/1) D:5            Lair (6/6) D:10
  Swamp (0/4) Lair:3        Snake (0/4) Lair:3        Slime (0/5) Lair:5
    Orc (2/2) D:10            Elf (0/3) Orc:2        Vaults (0/5) D:13
Ossuary (visited)          Bailey (visited)

Altars:
Dithmenos
Elyvilon
Fedhas
Kikubaaqudgha
Nemelex Xobeh
Qazlal
Sif Muna
Trog
Uskayaw
Xom
Beogh
Lugonu

Shops:
D:14 *(   Orc:2 [*(=

Annotations:
D:2 Sigmund
D:9 2 transporters
D:13 2 transporters, Azrael; Vidoets's ghost, journeyman FeIE
Lair:6 2 transporters, Veusaath's ghost, journeyman GrEE


Innate Abilities, Weirdness & Mutations

You are very small and have problems with some larger weapons.
You are too small for most types of armour.
You have supernaturally acute eyesight. (SInv)
You cover ground extremely quickly. (Speed+++)


Message History

The frost giant is knocked back by the mystic blast.
You hear an angry hiss.
The +4 dagger of the Dripping Firefly {freeze, rN+++ Str+4 Int+5 Stlth-} stops glowing.
Your +4 shortbow of freezing is covered in frost.
b - a +4 shortbow of freezing (weapon)
The frost giant points at you and mumbles some strange words.
The bolt of cold hits you!!!
Ouch! That really hurt!
* * * LOW HITPOINT WARNING * * *
You emit a cloud of dark smoke.
Okay, then.
You feel much better.
There is a stone staircase leading up here.
There is a stone staircase leading up here.
The frost giant casts a spell at you. The bolt of cold hits you!
You shoot an arrow.
The arrow hits the frost giant but does no damage.
The frost giant is severely wounded.
You shoot an arrow. The arrow hits the frost giant.
The frost giant is severely wounded.
The frost giant casts a spell at you. The bolt of cold hits you!!
You emit a cloud of dark smoke.
You are too injured to fight recklessly!
You start resting.
A frost giant is nearby!
You are too injured to fight recklessly!
You shoot an arrow.
The arrow hits the frost giant but does no damage.
The frost giant is severely wounded.
Your shadow shoots an arrow.
The arrow hits the frost giant.
You shoot an arrow.
The arrow completely misses the frost giant.
You shoot an arrow. The arrow hits the frost giant.
The frost giant is severely wounded.
Your shadow shoots an arrow.
The arrow hits the frost giant.
The frost giant casts a spell at you. The bolt of cold hits you!!!
Ouch! That really hurt!
You die...

##...## >#
###+#..[).## ..
#..........# .#
#......∩...# .#
#..........# .#
##..<#...÷.## .#
#....##...#####.#
#......#........#
#...........#@#.#
#..........<#.#.# .
###.........#.#.# ..
#....#.####C#.#
#.##############§#.#
#..+..<..C(C(.C§§#.#
#.####≈≈#########.#
##.......(#
.#.....()(#


You could see a frost giant.

Vanquished Creatures
  Rupert (D:13)
  Gastronok (Lair:1)
  An orc warlord (Orc:2)
  A dire elephant (Lair:4)
  Snorg (D:11)
  An ettin (D:13)
  11 hydras
  3 boulder beetles
  5 vault guards (D:13)
  2 centaur warriors
  2 catoblepae
  An ogre mage (D:13)
  3 two-headed ogres
  A death knight (D:12)
  16 death yaks
  A deep troll shaman (Lair:6)
  3 orc high priests (Orc:2)
  A tengu warrior (D:13)
  Sonja (D:11)
  A lindwurm (Lair:6)
  4 orc knights (Orc:2)
  A phantasmal warrior (D:12)
  A deep elf pyromancer (D:7)
  2 oklob plants (D:10)
  4 orc sorcerers (Orc:2)
  6 cyclopes
  20 elephants
  A manticore (D:14)
  4 black mambas
  2 ugly things
  Maurice (D:13)
  2 gargoyles
  11 cane toads
  2 torpor snails
  A torpor snail (shapeshifter) (D:14)
  3 rime drakes
  2 unseen horrors
  A yaktaur (D:12)
  A tengu conjurer (D:13)
  2 freezing wraiths (D:12)
  7 komodo dragons
  5 trolls
  6 polar bears
  29 blink frogs
  9 dream sheep
  A shadow (D:11)
  A water elemental (D:12)
  5 wyverns
  A spriggan (Lair:3)
  3 wraiths
  42 yaks
  4 fire elementals (D:13)
  5 basilisks
  A steam dragon (D:6)
  2 vampire mosquitoes (D:13)
  Menkaure (D:6)
  4 nagas (Lair:3)
  2 acid dragons
  13 water moccasins
  A warg (Orc:2)
  Edmund (D:6)
  3 hell hounds (D:13)
  35 orc warriors
  6 black bears
  A sky beast (D:6)
  3 ice beasts
  2 necrophages
  9 ogres
  4 centaurs
  24 wolves
  3 phantoms
  Blork the orc (D:6)
  4 kobold brigands
  17 bullfrogs
  4 gnoll sergeants
  9 scorpions
  2 water moccasin zombies
  2 water moccasin skeletons (D:5)
  3 wyvern skeletons (D:7)
  7 howler monkeys
  5 wights
  2 electric eels
  2 hounds (D:5)
  9 jellies
  7 orc priests
  A bullfrog skeleton (D:5)
  10 centaur zombies
  Crazy Yiuf (D:2)
  2 gnoll shamans
  A human zombie (Ossuary)
  3 scorpion zombies
  8 iguanas
  12 orc wizards
  2 killer bee zombies
  2 ogre zombies (Ossuary)
  2 hound skeletons (D:3)
  8 mummies
  A howler monkey zombie (D:9)
  40 gnolls
  11 adders
  A howler monkey skeleton (D:6)
  A shadow imp (D:8)
  7 white imps
  5 adder zombies
  An adder skeleton (D:3)
  A worm (D:5)
  3 dart slugs (D:2)
  65 orcs
  16 ball pythons
  3 bats
  3 endoplasms
  3 giant cockroaches
  A gnoll zombie (Ossuary)
  17 hobgoblins
  3 quokkas
  2 ball python zombies (D:3)
  3 frilled lizards
  9 goblins
  2 goblin zombies (Ossuary)
  6 hobgoblin zombies (Ossuary)
  A jackal skeleton (D:3)
  18 kobolds
  5 kobold zombies (Ossuary)
  A quokka skeleton (D:3)
  4 quokka zombies
  3 rats
  4 rat zombies (Ossuary)
  2 bushes (Lair:5)
729 creatures vanquished.

Vanquished Creatures (collateral kills)
  A centaur warrior (D:14)
  A tengu warrior (D:14)
  An orc knight (D:14)
  2 efreet (D:14)
  2 tengu conjurers (D:14)
7 creatures vanquished.

Vanquished Creatures (others)
  2 bushes (Lair:6)
  156 fungi
  167 plants
  4 withered plants (D:3)
329 creatures vanquished.

Grand Total: 1065 creatures vanquished

Notes
Turn   | Place    | Note
-------+----------+-------------------------------------------
     0 | D:1      | Gwenloh the Spriggan Warper began the quest for the Orb.
     0 | D:1      | Reached XP level 1. HP: 10/10 MP: 5/5
   178 | D:1      | Reached skill level 1 in Stealth
   366 | D:1      | Reached XP level 2. HP: 10/14 MP: 6/6
   484 | D:1      | Learned a level 2 spell: Blink
  1060 | D:1      | Found a faded altar of an unknown god.
  1344 | D:2      | Found a shadowy altar of Dithmenos.
  1349 | D:2      | Became a worshipper of Dithmenos the Shadowed
  1518 | D:2      | Reached XP level 3. HP: 18/18 MP: 8/8
  1522 | D:2      | Learned a level 3 spell: Gell's Gravitas
  1701 | D:2      | Noticed Sigmund
  2100 | D:2      | Reached XP level 4. HP: 11/22 MP: 6/9
  2697 | D:2      | Reached skill level 5 in Translocations
  3243 | D:2      | Found a runed translucent door.
  3244 | D:2      | Noticed Crazy Yiuf
  3381 | D:3      | Reached * piety under Dithmenos
  3582 | D:3      | Learned a level 3 spell: Teleport Other
  4258 | D:3      | Reached skill level 1 in Invocations
  4258 | D:3      | Reached XP level 5. HP: 19/25 MP: 10/10
  4701 | D:3      | Found a hide-covered altar of Uskayaw.
  5020 | D:3      | Reached skill level 5 in Dodging
  5828 | D:2      | Killed Crazy Yiuf
  5829 | D:2      | Reached XP level 6. HP: 30/30 MP: 11/11
  6108 | D:3      | Reached skill level 5 in Stealth
  6598 | D:4      | Reached ** piety under Dithmenos
  6808 | D:5      | Entered Level 5 of the Dungeon
  6837 | D:5      | Reached XP level 7. HP: 33/33 MP: 12/12
  6954 | D:5      | Found a staircase to the Ecumenical Temple.
  7552 | D:5      | Reached XP level 8. HP: 37/37 MP: 13/13
  7750 | D:5      | Reached skill level 5 in Short Blades
  7821 | D:5      | Identified a scroll of acquirement
  7824 | D:5      | Acquired Gwenloh's Guide on the Damaging Traveller
  7874 | D:5      | Reached skill level 1 in Bows
  8079 | D:5      | Noticed a gargoyle
  8162 | D:5      | Killed a gargoyle
  8163 | D:5      | Reached XP level 9. HP: 41/41 MP: 14/14
  8169 | D:5      | Learned a level 5 spell: Manifold Assault
  8520 | D:6      | Reached skill level 10 in Stealth
  8644 | D:6      | Noticed Edmund
  8654 | D:6      | Killed Edmund
  8922 | D:6      | Reached *** piety under Dithmenos
  9038 | D:6      | Noticed Blork the orc
  9125 | D:6      | Killed Blork the orc
  9607 | D:6      | Noticed Menkaure
  9632 | D:6      | Killed Menkaure
  9633 | D:6      | Reached skill level 5 in Bows
  9748 | D:7      | Reached skill level 10 in Dodging
  9873 | D:7      | Found a sand-covered staircase.
  9900 | Ossuary  | Entered an ossuary
 10149 | Ossuary  | Reached **** piety under Dithmenos
 10350 | Ossuary  | Reached XP level 10. HP: 46/46 MP: 15/15
 10713 | D:7      | Noticed a cyan ugly thing
 10749 | D:7      | Killed a cyan ugly thing
 10966 | D:7      | Found a shimmering altar of Xom.
 10967 | D:7      | Found a shimmering altar of Xom.
 10967 | D:7      | Found a shimmering altar of Xom.
 10968 | D:7      | Found a shimmering altar of Xom.
 10972 | D:7      | Found a shimmering altar of Xom.
 11047 | D:7      | Found a white marble altar of Elyvilon.
 11209 | D:7      | Noticed a two-headed ogre
 11211 | D:7      | Killed a two-headed ogre
 11212 | D:7      | Reached skill level 5 in Invocations
 11274 | D:7      | Got the Almanac of the Rocks and Transformation
 11333 | D:7      | Reached skill level 10 in Translocations
 11349 | D:7      | Reached ***** piety under Dithmenos
 11458 | D:7      | Acquired the ring of Ymaippol {Str+6 Int+4}
 11676 | D:7      | Noticed a deep elf pyromancer
 11680 | D:7      | Killed a deep elf pyromancer
 11703 | D:7      | Noticed a gargoyle
 11706 | D:7      | Killed a gargoyle
 11709 | D:7      | Noticed a cyclops
 11711 | D:7      | Killed a cyclops
 11712 | D:7      | Reached XP level 11. HP: 49/49 MP: 16/16
 11815 | D:8      | Found a sparkling altar of Nemelex Xobeh.
 11831 | D:8      | Found a flagged portal.
 11874 | Bailey   | Entered a bailey
 12390 | D:8      | Acquired a +4 shortbow of freezing
 13191 | D:9      | Found a bloodstained altar of Trog.
 13511 | D:9      | Found a stormy altar of Qazlal.
 13606 | D:9      | Found a transporter.
 13614 | D:9      | Found a transporter.
 13648 | D:9      | Noticed a red ugly thing
 13649 | D:9      | Noticed a white ugly thing
 13650 | D:9      | Found a corrupted altar of Lugonu.
 13651 | D:9      | Noticed a green ugly thing
 13751 | D:9      | Found an ancient bone altar of Kikubaaqudgha.
 13894 | D:10     | Entered Level 10 of the Dungeon
 14437 | D:10     | Found a staircase to the Orcish Mines.
 15036 | D:10     | Found a staircase to the Lair.
 15036 | D:10     | Noticed an oklob plant
 15136 | D:10     | Noticed a two-headed ogre
 15151 | D:10     | Killed a two-headed ogre
 15276 | D:10     | Noticed an oklob plant
 16121 | D:10     | Killed an oklob plant
 16160 | D:10     | HP: 2/49 [oklob plant/splash of acid (29)]
 16209 | D:10     | Killed an oklob plant
 16241 | Lair:1   | Entered Level 1 of the Lair of Beasts
 16343 | Lair:1   | You fall into a shaft and drop 1 floor!
 16410 | Lair:2   | Noticed a six-headed hydra
 16414 | Lair:2   | Killed a six-headed hydra
 16414 | Lair:2   | Reached ****** piety under Dithmenos
 16734 | Lair:1   | Noticed a five-headed hydra
 16755 | Lair:1   | Killed a five-headed hydra
 16756 | Lair:1   | Reached XP level 12. HP: 53/53 MP: 17/17
 16824 | Lair:1   | Noticed an eight-headed hydra
 16884 | Lair:1   | Killed an eight-headed hydra
 16885 | Lair:1   | Reached skill level 15 in Stealth
 17098 | Lair:1   | Reached skill level 10 in Bows
 17212 | Lair:1   | Learned a level 3 spell: Portal Projectile
 17699 | Lair:1   | Noticed Gastronok
 17732 | Lair:1   | Killed Gastronok
 17973 | Lair:2   | Noticed a boulder beetle
 18011 | Lair:2   | Noticed a five-headed hydra
 18013 | Lair:2   | Killed a five-headed hydra
 18205 | Lair:2   | Killed a boulder beetle
 18458 | Lair:2   | Noticed a seven-headed hydra
 18513 | Lair:2   | Killed a seven-headed hydra
 19010 | Lair:2   | Upgraded the game from 0.28-a0-906-g0406aca7d3 to
                  | 0.28-a0-909-g796cbd3a86
 19181 | Lair:3   | Found a staircase to the Swamp.
 19278 | Lair:3   | Noticed a death yak
 19282 | Lair:3   | Noticed a death yak
 19362 | Lair:3   | Killed a death yak
 19413 | Lair:3   | Killed a death yak
 19414 | Lair:3   | Reached skill level 10 in Short Blades
 19414 | Lair:3   | Reached XP level 13. HP: 57/57 MP: 9/19
 19606 | Lair:3   | Found a staircase to the Snake Pit.
 20342 | Lair:4   | Found a shimmering blue altar of Sif Muna.
 20806 | Lair:4   | Noticed a dire elephant
 20875 | Lair:4   | Killed a dire elephant
 23606 | Lair:5   | Learned a level 4 spell: Iskenderun's Mystic Blast
 23845 | Lair:5   | Found a staircase to the Slime Pits.
 24447 | Lair:6   | Entered Level 6 of the Lair of Beasts
 24604 | Lair:6   | Reached XP level 14. HP: 65/65 MP: 22/22
 25014 | Lair:6   | Reached skill level 5 in Spellcasting
 25039 | Lair:6   | Reached skill level 1 in Conjurations
 25995 | Lair:6   | Found a blossoming altar of Fedhas.
 26040 | Lair:6   | Reached skill level 15 in Dodging
 26139 | Lair:6   | Reached skill level 15 in Translocations
 28863 | Lair:6   | Found a transporter.
 28867 | Lair:6   | Found a transporter.
 28868 | Lair:6   | Noticed Veusaath's ghost (journeyman GrEE)
 29231 | Orc:1    | Entered Level 1 of the Orcish Mines
 29244 | Orc:1    | You fall into a shaft and drop 1 floor!
 29244 | Orc:2    | Entered Level 2 of the Orcish Mines
 29244 | Orc:2    | Found Peykonuj's General Store.
 29727 | Orc:1    | Upgraded the game from 0.28-a0-909-g796cbd3a86 to
                  | 0.28-a0-915-gcd63401287
 30147 | Orc:2    | Found a staircase to the Elven Halls.
 30226 | Orc:2    | Found Pauduris's Antique Weapon Emporium.
 30324 | Orc:2    | Bought a dazzling dagger for 182 gold pieces
 30324 | Orc:2    | Identified the +4 dagger of the Dripping Firefly {freeze,
                  | rN+++ Str+4 Int+5 Stlth-} (You bought it in a shop on level
                  | 2 of the Orcish Mines)
 30355 | Orc:2    | Found Heymupp's Jewellery Shop.
 30373 | Orc:2    | Noticed an orc warlord
 30493 | Orc:2    | Killed an orc warlord
 31061 | Orc:2    | Reached skill level 10 in Invocations
 31061 | Orc:2    | Reached XP level 15. HP: 67/67 MP: 26/26
 32013 | Orc:2    | Found Xoezueri's Antique Armour Shoppe.
 32259 | Orc:2    | Learned a level 6 spell: Dispersal
 32296 | Orc:2    | Found Peykonuj's General Store.
 32306 | Orc:2    | Found Heymupp's Jewellery Shop.
 32318 | Orc:2    | Found Pauduris's Antique Weapon Emporium.
 32338 | Orc:2    | Found a staircase to the Elven Halls.
 32455 | D:11     | Noticed Sonja
 32476 | D:11     | Killed Sonja
 33067 | D:11     | Noticed Snorg
 33130 | D:11     | Killed Snorg
 33615 | D:11     | Identified the ring of Vovves {Fire rN+}
 34595 | D:12     | Reached skill level 5 in Fighting
 35425 | D:13     | Noticed Vidoets's ghost (journeyman FeIE)
 35446 | D:13     | Found a transporter.
 35499 | D:13     | Found a transporter.
 35516 | D:13     | Noticed Azrael
 35558 | D:13     | Noticed Rupert
 35561 | D:13     | Killed Rupert
 36047 | D:13     | Noticed Maurice
 36049 | D:13     | Killed Maurice
 36481 | D:13     | Found a gate to the Vaults.
 37761 | D:14     | Found Quygaote's General Store.
 37765 | D:14     | Bought a potion of invisibility for 136 gold pieces
 37765 | D:14     | Bought a scroll of identify for 34 gold pieces
 37807 | D:14     | Noticed a frost giant
 37820 | D:14     | Noticed a sphinx
 37879 | D:14     | Found Ysuapp's Weapon Emporium.
 38124 | D:14     | Bought 23 arrows for 55 gold pieces
 38124 | D:14     | Bought 16 arrows for 38 gold pieces
 38245 | D:14     | Killed from afar by a frost giant

Illustrated notes

Levels and vault maps discovered:
D:1:      amcnicky_arrival_choice, layout_basic, basic_ecumenical_altar,
          serial_park_tiny_1
D:2:      layout_basic, basic_altar, nicolae_figureground_sparkle, uniq_sigmund,
          uniq_crazy_yiuf_cottage
D:3:      wander_river, layout_loops_corners,
          nicolae_uskayaw_murder_on_the_dancefloor, serial_undead,
          serial_undead_d, serial_undead_a, serial_undead_e, serial_undead_e,
          serial_undead_b, serial_undead_f, serial_undead_d,
          minmay_snake_closets
D:4:      layout_cave_pools, patterned_corridor
D:5:      kennysheep_windowed_halls, layout_loops_ring,
          minmay_temple_entry_statues_fountains
D:6:      layout_loops_cross, minivault_23, nrook_uturn, bh_walls_and_bars,
          uniq_menkaure, uniq_blork_the_orc, uniq_edmund
D:7:      minmay_the_grid_octo_tiled_octocenter [minmay_the_grid_octo_odd_swirl,
          minmay_the_grid_octo_horde, minmay_the_grid_octo_checkered,
          minmay_the_grid_octo_fan_narrow,
          minmay_the_grid_octo_prize_single_spiral,
          minmay_the_grid_square_5x5_half_checkered,
          minmay_the_grid_square_5x5_corner, minmay_the_grid_square_5x5_bridge,
          minmay_the_grid_square_5x5_shrine2], layout_rooms,
          kennysheep_little_box, xom_redecorated, gup_ossuary_entry_pyramid,
          minmay_misc_feat_roman
D:8:      layout_rooms, lemuel_round_altar, enter_bailey_5
D:9:      gammafunk_corrupted_shrine, layout_long_grid, jmf_multi_god_temple,
          trog_butcher_becter, minmay_circle_x
D:10:     layout_grid_maze, dpeg_oklobed_lair, orc_0_dummy
D:11:     layout_stronghold, minmay_lizard_king, uniq_snorg, uniq_sonja
D:12:     layout_basic, kennysheep_donut
D:13:     layout_roguey, grunt_vaults_entry_fortified, special_room
          [special_room_orc], gammafunk_ghost_stat_death, uniq_rupert,
          uniq_azrael, uniq_maurice
D:14:     minmay_complete_graph, layout_basic, serial_curves, eino_curves_01,
          eino_curves_03, eino_curves_02, eino_curves_03, serial_shops,
          nicolae_shop_hallway_stairs, shop, nicolae_shop_bloodbath_and_beyond,
          nicolae_shop_advertising_works [nicolae_subvault_shop_adworks],
          nicolae_diamond_shop, grunt_ministairs_15, wad_floor_pattern_untrapped
Lair:1:   layout_loops_ring, serial_bayou_shore_b, uniq_gastronok
Lair:2:   layout_small_grid, grunt_megastairs_4, lemuel_fruit_tree
Lair:3:   layout_chaotic_city, swamp_mist, minmay_snake_entry_guardpost_small,
          kennysheep_catoblepas_arena
Lair:4:   mu_elephants_graveyard, layout_regular_city, basic_altar,
          chequers_serial_rivers_large_b
Lair:5:   layout_gridlike, nicolae_slime_entry_slimehenge,
          gauntlet_entry_generic, serial_forest, infiniplex_forest_straight_3,
          infiniplex_forest_end_double, infiniplex_forest_clump_medium,
          infiniplex_forest_3_way, infiniplex_forest_lined_2
Lair:6:   grunt_lair_end_beastmaster, layout_gridlike, gammafunk_ghost_hive,
          basic_altar, bobbens_ice_dragon_lair
Orc:1:    layout_caves
Orc:2:    grunt_orc_gardens, layout_caves, grunt_orc_garden, grunt_orc_garden,
          grunt_orc_garden, grunt_orc_garden, basic_altar

Skill      XL: |  1  2  3  4  5  6  7  8  9 10 11 12 13 14 15 |
---------------+----------------------------------------------+-----
Stealth        | 1 2 3 4 5 7 9 11 13 14 15 16 | 16.0
Dodging        | 4 5 7 8 10 11 13 14 15 16 | 16.2
Short Blades   | 3 4 5 7 10 | 10.0
Translocations | 5 6 7 8 9 10 11 12 14 16 | 16.9
Invocations    | 1 2 3 4 5 6 7 8 10 11 | 11.2
Bows           | 2 5 7 9 11 14 | 14.0
Spellcasting   | 4 6 8 |  8.1
Fighting       | 3 4 5 |  5.9
Conjurations   | 2 3 |  3.0
Throwing       | |  1.0

Action                   |  1- 3 |  4- 6 |  7- 9 | 10-12 | 13-15 || total
-------------------------+-------+-------+-------+-------+-------++-------
Melee: Short sword       |    99 |   118 |       |       |       ||   217
       Dagger            |       |   153 |   452 |   602 |  1446 ||  2653
       Falchion          |       |       |       |       |     5 ||     5
 Fire: Shortbow          |       |       |    93 |   346 |  1425 ||  1864
Throw: Boomerang         |    49 |    40 |     3 |    11 |    13 ||   116
       Stone             |       |     7 |       |       |       ||     7
       Throwing net      |       |     3 |     1 |       |     2 ||     6
       Dart              |       |       |       |     1 |       ||     1
 Cast: Gell's Gravitas   |     2 |     2 |     3 |    19 |    50 ||    76
       Teleport Other    |       |     4 |       |       |       ||     4
       Manifold Assault  |       |       |     7 |     8 |   102 ||   117
       Blink             |       |       |     3 |     6 |    18 ||    27
       Portal Projectile |       |       |       |     3 |    16 ||    19
       Iskenderun's Myst |       |       |       |       |    47 ||    47
Invok: Shadow Step       |       |       |     1 |     2 |     4 ||     7
       Shadow Form       |       |       |       |       |     1 ||     1
Evoke: Wand              |       |       |     6 |     5 |     1 ||    12
       Condenser vane    |       |       |       |       |     1 ||     1
  Use: Potion            |     1 |       |       |       |     5 ||     6
       Scroll            |       |       |    12 |    17 |    16 ||    45
 Stab: Sleeping          |     4 |    12 |    42 |    61 |    38 ||   157
       Distracted        |     1 |       |       |     3 |     7 ||    11
       Held in net/web   |       |       |     1 |       |       ||     1
       Invisible         |       |       |       |       |     6 ||     6
       Petrified         |       |       |       |       |     1 ||     1
Armor: Robe              |     6 |    21 |    18 |    10 |       ||    55
       Acid dragon scale |       |       |       |    25 |       ||    25
       Troll leather arm |       |       |       |    20 |    87 ||   107
Dodge: Dodged            |    74 |   205 |   316 |   483 |   976 ||  2054
       Repelled          |       |       |       |       |    14 ||    14

Table legend: (Time is in decaauts)
 A = Elapsed time spent in this place.
 B = Non-inter-level travel time spent in this place.
 C = Inter-level travel time spent in this place.
 D = Time resting spent in this place.
 E = Time spent auto-exploring this place.
 F = Levels seen in this place.
 G = Mean time per level.
                   A        B        C        D        E       F      G
               +--------+--------+--------+--------+--------+-----+--------+
         Total |  27278 |  26044 |   1234 |   6525 |   4543 |  24 | 1136.6 |
       Dungeon |  15050 |  14220 |    830 |   3755 |   2709 |  14 | 1075.0 |
          Lair |   9104 |   8810 |    294 |   2095 |   1279 |   6 | 1517.3 |
  Orcish Mines |   2225 |   2116 |    109 |    454 |    497 |   2 | 1112.5 |
       Ossuary |    576 |    576 |      0 |    170 |      0 |   1 |  576.0 |
        Bailey |    322 |    322 |      0 |     50 |     57 |   1 |  322.0 |
               +--------+--------+--------+--------+--------+-----+--------+

Top non-repeatable levels by time:
  Lair:6: 3168 daAuts
     D:3: 1974 daAuts
   Orc:2: 1808 daAuts
     D:2: 1789 daAuts
  Lair:4: 1762 daAuts
    D:13: 1650 daAuts
    D:10: 1602 daAuts
  Lair:5: 1299 daAuts
    D:12: 1185 daAuts
     D:5: 1162 daAuts
     D:1: 1151 daAuts
  Lair:2: 969 daAuts
  Lair:1: 962 daAuts
  Lair:3: 942 daAuts
    D:11: 937 daAuts
